 Dungeon Crawl Stone Soup version 0.22-a0-776-ge6d7efa (webtiles) character file.

175 Hebeh the Conjurer (level 5, -5/28 HPs)
             Began as a Deep Elf Conjurer on July 18, 2018.
             Killed by divine providence
             ... invoked by an orc priest
              (13 damage)
             ... on level 3 of the Dungeon.
             The game lasted 00:11:32 (3236 turns).

Hebeh the Conjurer (Deep Elf Conjurer)              Turns: 3236, Time: 00:11:36

Health: -5/28      AC:  7    Str:  5    XL:     5   Next: 29%
Magic:  8/13       EV: 13    Int: 21    God:
Gold:   124        SH:  0    Dex: 15    Spells: 2/13 levels left

rFire    . . .     SeeInvis .   a - +2 dagger (protect)
rCold    . . .     Gourm    .   (no shield)
rNeg     . . .     Faith    .   q - +0 robe
rPois    .         Spirit   .   (no helmet)
rElec    .         Reflect  .   (no cloak)
rCorr    .         Harm     .   (no gloves)
MR       .....                  (no boots)
Stlth    ++........             (no amulet)
HPRegen  0.09/turn              j - +5 ring of protection
MPRegen  0.13/turn              (no ring)

@: no status effects
A: no striking features
a: no special abilities


You were on level 3 of the Dungeon.
You were not hungry.

You visited 1 branch of the dungeon, and saw 3 of its levels.

You collected 124 gold pieces.

Inventory:

Hand Weapons
 a - a +2 dagger of protection (weapon)
 b - a +0 hunting sling
 u - a +0 spear
Missiles
 e - 43 stones (quivered)
 i - 39 sling bullets
 s - 16 bolts
 v - 3 silver tomahawks
 y - 22 arrows
Armour
 q - a +0 robe (worn)
Jewellery
 j - a +5 ring of protection (left hand)
 r - an uncursed ring of resist corrosion {unknown}
 x - an uncursed ring of positive energy {unknown}
Wands
 w - a wand of flame (20)
Scrolls
 f - 3 scrolls of identify {unknown}
 h - a scroll of magic mapping {unknown}
 m - 5 scrolls of teleportation {unknown}
 o - a scroll of fog {unknown}
 z - a scroll of immolation {unknown}
Potions
 d - a potion of heal wounds {unknown}
 k - a potion of haste {unknown}
 l - 2 potions of curing {unknown}
 n - 3 potions of resistance {unknown}
 p - 2 potions of degeneration {unknown}
 t - a potion of berserk rage {unknown}
Comestibles
 c - 4 rations
 g - 12 chunks of flesh


   Skills:
 - Level 2.4 Dodging
 - Level 2.4 Stealth
 + Level 4.6 Spellcasting
 * Level 6.2 Conjurations
 * Level 2.0 Translocations


You had 2 spell levels left.
You knew the following spells:

 Your Spells              Type           Power        Failure   Level  Hunger
a - Magic Dart            Conj           ####         1%          1    None
b - Iskenderun's Mystic   Conj           ####....     9%          4    ####...
c - Searing Ray           Conj           ####..       1%          2    #......
d - Force Lance           Conj/Tloc      ###.....     21%         4    ####...

Your spell library contained the following spells:

 Spells                   Type           Power        Failure   Level  Hunger
 Fulminant Prism          Conj/Hex       ###.......   30%         4    ####...
 Dazzling Spray           Conj/Hex       ###...       10%         3    ##.....


Dungeon Overview and Level Annotations

Branches:
Dungeon (3/15)

Altars:
Xom


Message History

You kill the orc!
The orc priest looks encouraged for a moment.
Casting: Magic Dart (safe; 1% risk of failure)
Confirm with . or Enter, or press ? or * to list all spells.
You can't see any susceptible monsters within range! (Use Z to cast anyway.)
The orc priest calls down the wrath of Beogh upon you.
Beogh smites you!
Ouch! That really hurt!
Casting: Magic Dart (safe; 1% risk of failure)
Confirm with . or Enter, or press ? or * to list all spells.
Aiming: Searing Ray (safe; 1% risk of failure)
Press: ? - help, Shift-Dir - straight line The searing ray hits something. (Press . to maintain the ray.)
A magic dart appears from out of thin air!
The magic dart hits you!
* * * LOW HITPOINT WARNING * * *
The orc priest invokes the aid of Beogh against you.
Beogh smites you!
You die...

## #.# ##.##### #....)..
######## #..##### .......#
#..# ..# #.## #.# #.# #.#
.###################.# #.##
...)o.....@..........#
...######.##########.#####.#
..........# #.......#
...######## ######### #.##
#.# #.# #.# ^.#


You could see an orc priest.

Vanquished Creatures
  An orc wizard (D:3)
  Terence (D:3)
  3 adders
  2 oozes
  An adder skeleton (D:3)
  2 worms
  A leopard gecko (D:2)
  9 orcs
  A ball python (D:3)
  8 bats
  2 giant cockroaches
  10 goblins
  7 hobgoblins
  5 jackals
  6 kobolds
  2 quokkas
  A frilled lizard (D:2)
  8 rats
70 creatures vanquished.

Notes
Turn   | Place    | Note
-------+----------+-------------------------------------------
     0 | D:1      | Hebeh the Deep Elf Conjurer began the quest for the Orb.
     0 | D:1      | Reached XP level 1. HP: 10/10 MP: 6/6
    77 | D:1      | Reached XP level 2. HP: 15/15 MP: 2/8
   395 | D:1      | Reached skill level 5 in Conjurations
  1127 | D:2      | Learned a level 2 spell: Searing Ray
  1136 | D:2      | Reached XP level 3. HP: 19/19 MP: 2/10
  1886 | D:2      | Reached XP level 4. HP: 24/24 MP: 7/12
  1892 | D:2      | Learned a level 4 spell: Iskenderun's Mystic Blast
  1897 | D:2      | Learned a level 4 spell: Force Lance
  1901 | D:2      | Found a shimmering altar of Xom.
  2438 | D:3      | Noticed Terence
  2439 | D:3      | Reached skill level 1 in Translocations
  2451 | D:3      | Killed Terence
  2637 | D:3      | Reached skill level 6 in Conjurations
  2637 | D:3      | Reached XP level 5. HP: 28/28 MP: 4/13
  3236 | D:3      | Killed from afar by an orc priest

Vault maps used:
D:1:      dpeg_arrival_rooms_with_view
D:2:      nrook_mini_vaults, kennysheep_cross_bottleneck, tgw_xom
D:3:      first_ration, uniq_terence

Skill      XL: |  1  2  3  4  5 |
---------------+----------------+-----
Conjurations   | 5 6 |  6.2
Spellcasting   | 4 |  4.6
Translocations | 1 2 |  2.0
Dodging        | |  2.4
Stealth        | |  2.4

Action                   |  1- 3 |  4- 6 || total
-------------------------+-------+-------++-------
Melee: Dagger            |       |     3 ||     3
 Cast: Magic Dart        |    80 |    67 ||   147
       Searing Ray       |       |     4 ||     4
  Eat: Chunk             |     3 |     4 ||     7
Armor: Robe              |       |     4 ||     4
Dodge: Dodged            |       |    10 ||    10

Table legend:
 A = Spawn XP
 B = Non-spawn XP
 C = Spawn XP percentage of total XP
 D = Spawn monster count
 E = Non-spawn monster count
 F = Spawn count percentage of total count
 G = Total turns spent on level
                    A         B        C        D         E        F      G
               +---------+---------+-------+---------+---------+-------+---------
         Total |       0 |     251 |   0.0 |       0 |      70 |   0.0 |  3236
               +---------+---------+-------+---------+---------+-------+---------
           D:1 |       0 |      36 |   0.0 |       0 |      20 |   0.0 |  1076
           D:2 |       0 |      61 |   0.0 |       0 |      22 |   0.0 |  1130
           D:3 |       0 |     154 |   0.0 |       0 |      28 |   0.0 |  1030
               +---------+---------+-------+---------+---------+-------+---------
